[Event "Early-Titled-Tuesday-Blitz-January-23-2024"]
[Site "Chess.com"]
[Date "2024.01.23"]
[Round "9"]
[White "MIss_MIaMI"]
[Black "Viktor_Poddubnyi"]
[Result "1-0"]
[WhiteElo "2424"]
[BlackElo "2241"]
[TimeControl "180+1"]
[EndTime "9:46:29 PST"]
[Termination "MIss_MIaMI won on time"]

1. e4 g6 2. Nf3 Bg7 3. Bc4 e6 4.
O-O Ne7 5. d4 d5 6. exd5 exd5 7.
Bd3 O-O 8. h3 Bf5 9. c3 Nbc6 10.
Re1 Qd7 11. Bf4 Rae8 12. Na3 a6 13. Qd2 f6 14. Nc2 g5 15. Bh2 Nd8 16. Ne3 Be4 17.
Be2 Nf7 18. Nf1 c6 19. Ng3 Bg6 20. h4 g4 21. h5 Bf5 22. Nh4 Be6 23. Bd3 f5 24. Ne2 Bf6 25. Bg3 Bg5 26. Nf4 Nd8 27. Qc2 Nc8 28. Nxe6 Nxe6 29. Bxf5 Bxh4 30. Bxh4 Qf7 31.
Bxg4 Nd6 32. f3 Nf4 33. h6 Nc4 34. Kf2 b5 35. Rxe8 Rxe8 36. Re1 Rxe1 37. Kxe1 Ne3 38.
Qd2 Nexg2+ 39. Kd1 Nxh4 40. Qe3 Nhg6 41. b3 Qe7 42.
Qd2 Qe8 43. c4 bxc4 44. bxc4 dxc4 45. Qc2 Qe7 46. Qxc4+ Kf8 47. Kc1 Ne2+ 48. Kb2 Nef4 49. Qxc6 1-0

[Event "Early-Titled-Tuesday-Blitz-January-23-2024"]
[Site "Chess.com"]
[Date "2024.01.23"]
[Round "9"]
[White "Anton_Demchenko"]
[Black "AljoschaFeuerstack"]
[Result "1-0"]
[WhiteElo "2914"]
[BlackElo "2627"]
[TimeControl "180+1"]
[EndTime "9:46:31 PST"]
[Termination "Anton_Demchenko won on time"]

1. e4 c6 2. d4 d5 3. e5 a6 4. c3 c5 5. dxc5 Nc6 6. f4 a5 7.
Be3 Nh6 8. Nf3 Bg4 9. Nbd2 Nf5 10.
Bf2 e6 11. h3 Bxf3 12. Qxf3 a4 13. g4 Nh4 14. Qd3 Ng6 15. Qe3 Ra5 16. b4 axb3 17. Nxb3 Ra4 18. f5 Re4 19. fxg6 hxg6 20. Qxe4 dxe4 21. Bb5 Qg5 22. Ke2 Qxe5 23. Nd4 Bxc5 24.
a4 O-O 25. Rad1 Bxd4 26. cxd4 Qd5 27. Be3 Rc8 28. Kf2 Nb4 29. Rhe1 Rc2+ 30. Re2 Qb3 31. Rdd2 Rc3 32. Rb2 Qd5 33. Rxb4 Qd6 34. Rbb2 Qh2+ 35.
Ke1 Qxh3 36. Kd2 Ra3 37. g5 Qf3 38. Rc2 f6 39. Rc8+ Kf7 40. Rc7+ Kf8 41. Rc2 Ke7 42. d5 Rxe3 43. d6+ Kxd6 44. Rxe3 Qf4 45. gxf6 gxf6 46. Rc3 f5 47. Kc2 g5 48. Re2 g4 49. Rd2+ Ke5 50. a5 e3 51. Re2 Qe4+ 52. Bd3 Qa4+ 53. Kb2 f4 54. Ra3 Qb4+ 55. Rb3 Qd4+ 56. Ka2 f3 57. Reb2 1-0

[Event "Early-Titled-Tuesday-Blitz-January-23-2024"]
[Site "Chess.com"]
[Date "2024.01.23"]
[Round "9"]
[White "Lady_Nika"]
[Black "KorolDimitriy75"]
[Result "1-0"]
[WhiteElo "2548"]
[BlackElo "2360"]
[TimeControl "180+1"]
[EndTime "9:46:31 PST"]
[Termination "Lady_Nika won on time"]

1. d4 Nf6 2. e3 c5 3. c3 Qb6 4. Nf3 d5 5. Be2 Nc6 6. O-O g6 7. dxc5 Qxc5 8. b4 Qb6 9. Bb2 Bg7 10. a3 O-O 11. Nbd2 Rd8 12. Qb3 Bg4 13. c4 Bxf3 14.
Nxf3 Na5 15. Qa2 Nxc4 16. Bxc4 dxc4 17. Qxc4 Rac8 18. Qb3 Ne4 19. Rfd1 Nc3 20. Re1 Qb5 21. Nd4 Bxd4 22. exd4 Ne2+ 23. Kh1 Nxd4 24. Bxd4 Rxd4 25. Rxe7 Rf4 26. Kg1 Qc4 27. Qe3 Kg7 28. Re1 Rf5 29. h3 a6 30. g4 Rf6 31. Qe5 h6 32. Re3 Qc2 33. Re2 Qc3 34. Qe3 Rf3 35. Qxc3+ Rcxc3 36. R7e3 Rxa3 37. Rxf3 Rxf3 38. Kg2 Rb3 39. Re4 b5 40. f4 Kf6 41. Rd4 Ke6 42. h4 f5 43. h5 gxh5 44. gxh5 Kf6 45. Rd6+ Kg7 46. Rg6+ Kf7 47. Rxh6 Rxb4 48. Kg3 Rb3+ 49. Kh4 a5 50. Kg5 a4 51. Kxf5 a3 52. Rh7+ Kg8 53. Ra7 b4 54. h6 Rg3 55.
Kf6 1-0

[Event "Early-Titled-Tuesday-Blitz-January-23-2024"]
[Site "Chess.com"]
[Date "2024.01.23"]
[Round "9"]
[White "jcmesafischer"]
[Black "DeArron_Fox"]
[Result "0-1"]
[WhiteElo "2330"]
[BlackElo "2449"]
[TimeControl "180+1"]
[EndTime "9:46:31 PST"]
[Termination "DeArron_Fox won by resignation"]

1. e4 c5 2. Nf3 e6 3. g3 d5 4. exd5 exd5 5. Bg2 Nf6 6. O-O Be7 7. d4 O-O 8. dxc5 Bxc5 9. Nbd2 Nc6 10. Nb3 Bb6 11.
c3 Bg4 12. h3 Bh5 13. g4 Bg6 14. Nbd4 Re8 15. Be3 Be4 16. Nxc6 bxc6 17. Nd4 Qd6 18. Bxe4 Nxe4 19. Nf5 Qc7 20. Bxb6 axb6 21. Kg2 g6 22. Ng3 Qf4 23. Nxe4 dxe4 24. Qe2 Ra5 25. Qe3 Qc7 26. f4 exf3+ 27. Qxf3 Rae5 28. Rf2 Re3 29. Qf4 Qd7 30. Raf1 Qd5+ 31. Kh2 Re2 32. c4 Qe6 33. Rxe2 Qxe2+ 34. Rf2 Qe6 35. b3 Rd8 36. Qf6 Qe8 37. h4 Rd1 38. h5 Qb8+ 39. Kg2 Qe8 40. h6 Qe4+ 41. Qf3 Qxf3+ 42.
Kxf3 Rd3+ 43. Kf4 Rd6 44. Re2 Kf8 45. g5 f6 46. gxf6 Rxf6+ 47. Ke3 Re6+ 48. Kd3 Rxe2 49. Kxe2 Ke7 50. a4 c5 51. Ke3 Kf6 52. Kf4 g5+ 53. Ke4 Kg6 54. b4 cxb4 55. c5 b3 56. a5 b2 57. c6 b1=Q+ 58. Kd5 bxa5 59. Kd6 Qc1 60.
c7 g4 61. Kd7 Qxc7+ 62. Kxc7 g3 63. Kd7 g2 0-1

[Event "Early-Titled-Tuesday-Blitz-January-23-2024"]
[Site "Chess.com"]
[Date "2024.01.23"]
[Round "9"]
[White "Zq1"]
[Black "DDTerziev04"]
[Result "1-0"]
[WhiteElo "2519"]
[BlackElo "2232"]
[TimeControl "180+1"]
[EndTime "9:46:32 PST"]
[Termination "Zq1 won by checkmate"]

1. d4 d5 2. c4 dxc4 3. e3 Nf6 4. Bxc4 e6 5. Nf3 a6 6. a4 Be7 7. O-O Nbd7 8. Nc3 O-O 9. e4 c5 10. e5 Ng4 11. Bf4 cxd4 12. Qxd4 Bc5 13. Qe4 Qb6 14. Qe2 Qb4 15. Ne4 b5 16. axb5 Bb7 17. bxa6 Bxe4 18. Qxe4 Qxb2 19. Qe2 Bxf2+ 20. Kh1 Qxe2 21. Bxe2 Bc5 22. h3 Ne3 23. Rfc1 Nd5 24. Bd2 Rfc8 25. Bb5 N7b6 26. Ng5 h6 27. Ne4 Be7 28. Nd6 Rxc1+ 29. Rxc1 Ra7 30. Nc8 Ra8 31. Nxe7+ Nxe7 32. Rc7 Ned5 33.
Rb7 Rc8 34. a7 Ra8 35. Rb8+ Kh7 36. Rxa8 Nxa8 37. Bc6 Ndc7 38. Ba5 Kg6 39. g4 h5 40. Kg2 Kg5 41. Bd2+ Kg6 42. Kg3 f5 43. exf6 gxf6 44. Be4+ f5 45. gxf5+ exf5 46. Bxa8 Nxa8 47. Kf4 Kf6 48.
Ba5 Kg6 49. h4 Kf6 50. Bd8+ Kg6 51. Ke5 f4 52. Kxf4 Kh6 53. Kf5 Kh7 54. Kg5 Kg7 55. Kxh5 Kh7 56. Kg5 Kg7 57. h5 Kh7 58. h6 Kg8 59.
Kh5 Kf7 60. Kg5 Kg8 61. Kg6 Kh8 62. h7 Nc7 63. Bf6# 1-0

[Event "Early-Titled-Tuesday-Blitz-January-23-2024"]
[Site "Chess.com"]
[Date "2024.01.23"]
[Round "9"]
[White "dirk_da_player"]
[Black "HajiyevKanan"]
[Result "1/2-1/2"]
[WhiteElo "2378"]
[BlackElo "2569"]
[TimeControl "180+1"]
[EndTime "9:46:32 PST"]
[Termination "Game drawn - insufficient material"]

1. e4 c6 2. d4 d5 3. exd5 cxd5 4. Bd3 Nf6 5. c3 Nc6 6. h3 Qc7 7. Nf3 g6 8. O-O Bg7 9. Re1 O-O 10. Nbd2 Bf5 11.
Bf1 Rfe8 12. Nb3 h6 13. Nc5 Ne4 14. Nxe4 Bxe4 15. Be3 f5 16. Qd2 Bxf3 17. gxf3 g5 18.
f4 gxf4 19. Bxf4 Qd7 20. Bxh6 Qd6 21. Bxg7 Kxg7 22. Qg5+ Qg6 23. Qxg6+ Kxg6 24. Re6+ Kf7 25. Rae1 Nd8 26. R6e3 e6 27. Be2 Rg8+ 28. Rg3 Nc6 29. Bb5 f4 30. Rg4 Rxg4+ 31. hxg4 Rg8 32. f3 Nd8 33. Kg2 a6 34. Bd3 Rh8 35. g5 Rh5 36.
g6+ Kf6 37. Rg1 Rg5+ 38. Kf2 Rxg1 39. Kxg1 Nc6 40. Kg2 Ne7 41. Kh3 Nf5 42. Kg4 Ne3+ 43. Kxf4 Nd1 44. Bc2 Nxb2 45. Ke3 Nc4+ 46. Kf4 Nd6 47.
Bd3 b5 48. Ke3 a5 49. f4 b4 50. cxb4 axb4 51. Kd2 Nb7 52. Kc2 Na5 53. Kb2 Kg7 54. f5 exf5 55. Bxf5 Kf6 56. Bd3 Nc6 57. Bb1 Nxd4 58. a3 bxa3+ 59. Kxa3 Nf3 60. Kb3 Nd2+ 61.
Kc3 Nxb1+ 62. Kd4 Ke6 63. g7 Kf7 64. Kxd5 Kg8 65. Kc4 Nd2+ 66. Kd3 Nb3 67. Kc3 Na5 68. Kb4 Nb7 69. Kb5 Nd8 70. Kc5 Nf7 71. Kd5 Ng5 72.
Kd4 Ne6+ 73. Kd3 Nxg7 1/2-1/2

[Event "Early-Titled-Tuesday-Blitz-January-23-2024"]
[Site "Chess.com"]
[Date "2024.01.23"]
[Round "9"]
[White "mbojan"]
[Black "Hamisandwich"]
[Result "1-0"]
[WhiteElo "2899"]
[BlackElo "2706"]
[TimeControl "180+1"]
[EndTime "9:46:33 PST"]
[Termination "mbojan won on time"]

1. e4 c6 2. Bc4 d5 3. Bb3 Na6 4. Nc3 Nc5 5. Qf3 Nxb3 6. axb3 d4 7. Nce2 d3 8. Qxd3 Qxd3 9. cxd3 e5 10. Nf3 f6 11. d4 exd4 12. Nexd4 Nh6 13. d3 Nf7 14. Ke2 Bc5 15. Be3 Bb6 16. Nc2 Bxe3 17. Nxe3 Ke7 18. b4 Nd6 19. Rhc1 Rd8 20. Nc4 Nb5 21. Na5 Rb8 22. Ke3 Bg4 23. Ne1 Rd7 24. f3 Be6 25.
Rxc6 b6 26. Nc4 Nd4 27. Rd6 Rxd6 28. Nxd6 Nb3 29. Rxa7+ Kxd6 30. Rxg7 Ra8 31. d4 Bc4 32. Nd3 Bxd3 33. Kxd3 Nc1+ 34. Kd2 Na2 35. b5 Ra5 36. Rxh7 Rxb5 37. Kc2 Nb4+ 38. Kc3 Na2+ 39. Kc2 Nb4+ 40.
Kd2 Nc6 41. Kc3 Na5 42. Rh6 Rb3+ 43. Kc2 Ke7 44. Rh7+ Kd6 45. Rh6 Ke7 46. e5 fxe5 47.
dxe5 Rb5 48. f4 Nc4 49. Kd3 Nxb2+ 50. Ke4 Nc4 51. g4 Rb4 52. Rh7+ Kf8 53. f5 Nd2+ 54. Kd5 Rxg4 55. f6 Nf3 56. e6 Kg8 57. Rb7 Ng5 58.
Rb8+ Kh7 59. f7 1-0

[Event "Early-Titled-Tuesday-Blitz-January-23-2024"]
[Site "Chess.com"]
[Date "2024.01.23"]
[Round "9"]
[White "Predator0608"]
[Black "AvitalBor"]
[Result "1/2-1/2"]
[WhiteElo "2519"]
[BlackElo "2754"]
[TimeControl "180+1"]
[EndTime "9:46:33 PST"]
[Termination "Game drawn by repetition"]

1. e4 e6 2. d4 d5 3. Nd2 Nf6 4. e5 Nfd7 5. Bd3 c5 6. c3 Nc6 7. Ne2 cxd4 8. cxd4 f6 9. exf6 Qxf6 10. Nf3 Bd6 11. O-O O-O 12. Bg5 Qf7 13. Bh4 h6 14. Bg3 e5 15. dxe5 Ndxe5 16. Nxe5 Nxe5 17. Bc2 Bg4 18. h3 Bh5 19. Bb3 Kh8 20. Qxd5 Qxd5 21. Bxd5 Bxe2 22. Rfe1 Bc4 23. Bxe5 Bxd5 24. Bxd6 Rf7 25.
Re5 Bc6 26. Bc5 a6 27. Rae1 Rd8 28. a3 Kh7 29. Bb4 Rdd7 30. Bc3 Bb5 31. h4 Bc6 32. Re6 Bd5 33. Re8 Bc6 34. Rc8 Rfe7 35. Rxe7 Rxe7 36. Rd8 Kg6 37. Rd6+ Kh5 38. g3 g5 39.
hxg5 hxg5 40. Rf6 Kg4 41. Kf1 Bf3 42. Rf8 Rd7 43. Re8 Bc6 44. Re5 Kf3 45. Rf5+ Kg4 46. Re5 Bf3 47. Re3 Rd1+ 48. Re1 Rd7 49. Re5 b5 50.
Re3 Rd5 51. Re5 Rd1+ 52. Re1 Rd8 53. Re5 Rd7 54. Re3 Bd5 55. Ke1 Bf3 56. Kf1 1/2-1/2

[Event "Early-Titled-Tuesday-Blitz-January-23-2024"]
[Site "Chess.com"]
[Date "2024.01.23"]
[Round "9"]
[White "Elsa167"]
[Black "hurricane7791"]
[Result "1-0"]
[WhiteElo "2927"]
[BlackElo "2711"]
[TimeControl "180+1"]
[EndTime "9:46:34 PST"]
[Termination "Elsa167 won by resignation"]

1. d4 Nf6 2. c4 e6 3. Nf3 d5 4. Nc3 dxc4 5. e4 b5 6. Nxb5 Nxe4 7. Qc2 Nd6 8. Nxd6+ cxd6 9. Bxc4 Be7 10. h4 Nd7 11. h5 h6 12. d5 e5 13. Be3 O-O 14. g4 Nb6 15. Bxb6 Qxb6 16. Rg1 e4 17. Qxe4 Ba6 18. Bxa6 Qxa6 19. Qe2 Qa5+ 20. Kf1 Bf6 21. Kg2 Rfe8 22. Qd3 Qb4 23. Qf5 Re4 24. a3 Rxg4+ 25. Kh3 Rxg1 26. axb4 Rxa1 27. Nd2 Bxb2 28. Nc4 Bf6 29. Nxd6 Rd8 30. Ne4 Be7 31. Qe5 Bf8 32. Qxa1 Rxd5 33. Ng3 Bxb4 34. Qxa7 Bf8 35. Qa8 Re5 36. Kg2 Rg5 37. f4 Rc5 38.
Kf3 Rc3+ 39. Kg4 Rc5 40. Nf5 Rc7 41. Qd8 Ra7 42. Qe8 Rb7 43. Qc8 Ra7 44. Ng3 Re7 45. Kf3 Ra7 46. Ne4 Ra3+ 47. Kg4 Re3 48. Qe8 Ra3 49.
f5 Ra6 50. Kf4 Ra7 51. f6 Ra6 52. fxg7 Kxg7 53. Qe5+ Kg8 54. Nf6+ Kh8 55. Nd7+ Bg7 56. Qe8+ Kh7 57. Qxf7 Ra4+ 58. Kf3 Ra6 59. Nf8+ Kh8 60. Ng6+ Kh7 61. Nf8+ Kh8 62. Ne6 Ba1 63. Qe8+ Kh7 64. Qd7+ Kg8 65. Qc8+ Kf7 66. Qxa6 1-0

[Event "Early-Titled-Tuesday-Blitz-January-23-2024"]
[Site "Chess.com"]
[Date "2024.01.23"]
[Round "9"]
[White "HamedWafa4"]
[Black "viktorgen2021"]
[Result "0-1"]
[WhiteElo "2697"]
[BlackElo "2564"]
[TimeControl "180+1"]
[EndTime "9:46:34 PST"]
[Termination "viktorgen2021 won by resignation"]

1. e4 g6 2. d4 Bg7 3. Nc3 d6 4.
Nf3 Nf6 5. h3 O-O 6. Bc4 c6 7. O-O d5 8. exd5 cxd5 9. Bd3 Nc6 10.
Re1 Bf5 11. Bxf5 gxf5 12. Bf4 Ne4 13. Nxe4 dxe4 14. Ne5 Nxd4 15. Bh2 Qd5 16. c4 Qd8 17. c5 Qd5 18. f4 Rad8 19. b3 Qxc5 20. Kh1 f6 21. Nc4 Nf3 22. Qe2 Nxe1 23. Rxe1 b5 24.
Bg1 Qc7 25. Ne3 Qxf4 26. Qxb5 Kh8 27. Rf1 Qg5 28. Rxf5 Qg6 29. Qc4 Rde8 30. Rf1 e6 31. a4 f5 32. Bh2 e5 33. Nd5 f4 34. Qe2 Rg8 35. Nc3 e3 36. Nd5 Bh6 37. b4 Rg7 38. b5 Reg8 39. Rg1 Qe4 40. Nf6 Qf5 41. Nxg8 Rxg8 42. a5 e4 43. Rf1 f3 44. gxf3 exf3 45.
Rxf3 Qd5 46. Bg1 Bg7 47. Kh2 Re8 48. Bxe3 Qd6+ 49. Kg2 Qd5 50. Kf2 Bd4 51. Qd3 Bxe3+ 52. Rxe3 Qf7+ 53. Ke1 Rf8 54. Qe4 Qf1+ 55. Kd2 Rd8+ 56.
Rd3 Qf2+ 57. Kc3 Qe1+ 58. Kc2 Qxe4 59. Kc3 Qxd3+ 0-1

[Event "Early-Titled-Tuesday-Blitz-January-23-2024"]
[Site "Chess.com"]
[Date "2024.01.23"]
[Round "9"]
[White "Oleksandr_Bortnyk"]
[Black "Zhigalko_Sergei"]
[Result "1/2-1/2"]
[WhiteElo "3079"]
[BlackElo "2980"]
[TimeControl "180+1"]
[EndTime "9:46:35 PST"]
[Termination "Game drawn - insufficient material"]

1. e4 c5 2. c3 d5 3. exd5 Qxd5 4. d4 Nf6 5. Be3 cxd4 6. cxd4 e6 7. Nc3 Bb4 8. Nf3 O-O 9. Bd3 b6 10.
Qe2 Qa5 11. O-O Bxc3 12. bxc3 Qxc3 13. d5 e5 14. Rac1 Qa5 15. Bd2 Qxd5 16. Bb4 Re8 17.
Rfd1 Qb7 18. Ng5 Nc6 19. Bb5 Bg4 20. Bxc6 Qxc6 21. f3 Qa4 22. Bc3 Bf5 23. g4 Bg6 24. Bxe5 h6 25. Nh3 Qa5 26. f4 Ne4 27. Qf3 Rad8 28.
Bd4 Nd2 29. Qc3 Rxd4 30. Qxa5 bxa5 31. Kf2 Ne4+ 32. Kf3 Rxd1 33. Rxd1 Nc3 34. Rd7 Be4+ 35. Kf2 Nb5 36. a4 Bc6 37. Rd3 Nc7 38. Rc3 Re6 39. f5 Rd6 40. Rc4 Nd5 41. g5 hxg5 42.
Nxg5 g6 43. Ne4 Nb6 44. Nxd6 Nxc4 45. Nxc4 Bxa4 46. fxg6 fxg6 47. Nxa5 Kg7 48. Kg3 Bb5 49.
Kf4 Kh6 50. h4 Kh5 51. Kg3 Bd7 52. Nc4 Be6 53. Ne5 a5 54. Nd3 a4 55. Nf4+ Kh6 56.
Nxe6 a3 57. Nd4 a2 58. Nb3 Kh5 59. Na1 g5 60. hxg5 Kxg5 61. Kf3 Kh5 62. Ke3 Kh6 63. Kd3 Kh7 64. Kc3 Kh8 65. Kb3 Kg8 66. Kxa2 1/2-1/2

[Event "Early-Titled-Tuesday-Blitz-January-23-2024"]
[Site "Chess.com"]
[Date "2024.01.23"]
[Round "9"]
[White "Binary010"]
[Black "Goryachkina"]
[Result "1-0"]
[WhiteElo "2890"]
[BlackElo "2701"]
[TimeControl "180+1"]
[EndTime "9:46:35 PST"]
[Termination "Binary010 won on time"]

1. e4 c5 2. Nf3 e6 3. d4 cxd4 4. Nxd4 Nc6 5. Nc3 Bc5 6. Be3 Qb6 7. Na4 Qa5+ 8. c3 Bxd4 9. Bxd4 Nxd4 10. Qxd4 e5 11. Qd1 Nf6 12. Bd3 O-O 13. O-O b5 14. Nc5 d6 15. Nb3 Qb6 16. a4 bxa4 17. Rxa4 a5 18. Qc2 Bd7 19. Ra3 Rfb8 20. Rb1 a4 21. Nd2 Qc5 22. Nf1 d5 23. exd5 Qxd5 24. Ne3 Qc5 25. Bf5 Bc6 26. Rd1 g6 27. Bd3 Ra7 28.
h3 Rab7 29. Ra2 Kg7 30. Bf1 Nd5 31. Nc4 Nf4 32. Ne3 h5 33. g3 Ne6 34. Bg2 Bxg2 35.
Kxg2 Qc6+ 36. Nd5 Rb5 37. Qe4 f6 38. Nxf6 Qxe4+ 39. Nxe4 Rxb2 40. Rd7+ Kh6 41. Rxa4 R8b7 42. Rxb7 Rxb7 43. Ra5 Rc7 44. Rxe5 Nd8 45. Rc5 Rd7 46. c4 Nf7 47. Rd5 Rc7 48. c5 Kg7 49. h4 Rc6 50. Ng5 Nxg5 51. Rxg5 Kf6 52. Kf3 Rc8 53. Ke4 Re8+ 54.
Kd4 Re2 55. f4 Rd2+ 56. Kc4 Rc2+ 57. Kd5 Rd2+ 58. Kc6 Rd1 59. Kc7 1-0

[Event "Early-Titled-Tuesday-Blitz-January-23-2024"]
[Site "Chess.com"]
[Date "2024.01.23"]
[Round "9"]
[White "Njal28"]
[Black "artin10862"]
[Result "1-0"]
[WhiteElo "3045"]
[BlackElo "2842"]
[TimeControl "180+1"]
[EndTime "9:46:36 PST"]
[Termination "Njal28 won on time"]

1. e4 c5 2. Nf3 d6 3. Bb5+ Nd7 4.
c3 Nf6 5. Bd3 g6 6. Bc2 Bg7 7.
d4 cxd4 8. cxd4 O-O 9. O-O e5 10. Nc3 a6 11. a4 Rb8 12. Be3 b5 13. axb5 axb5 14. dxe5 Nxe5 15. Nxe5 dxe5 16. f3 Be6 17. Bd3 b4 18. Na4 Nd7 19. Be2 Qe7 20. Qd2 Rfc8 21. Rfc1 h5 22. Bf1 Bb3 23. Rxc8+ Rxc8 24. Bb5 Nf8 25. Nb6 Rd8 26. Nd5 Bxd5 27. exd5 e4 28. f4 Qd6 29. Rd1 Nd7 30. Bxd7 Rxd7 31. Qc2 Rc7 32. Qxe4 Bxb2 33. f5 Re7 34. Qf3 b3 35. Bf2 Rb7 36. Rd3 Qc7 37. d6 Qc1+ 38. Rd1 Qc8 39. fxg6 fxg6 40. Qd5+ Rf7 41. d7 Qd8 42. Kh1 Kg7 43. Bb6 Qxb6 44. d8=Q Qf2 45. Qd3 Be5 46.
Q8d5 Qf6 47. Q5f3 Qe7 48. Qfe3 Qf6 49. Rb1 b2 50. Qf3 Qe7 51. Qfe2 Qf6 52. h3 Bd4 53. Qdf3 Qd6 54. Qfe4 Qf6 55. Q2d3 Be5 56. Qde3 1-0

[Event "Early-Titled-Tuesday-Blitz-January-23-2024"]
[Site "Chess.com"]
[Date "2024.01.23"]
[Round "9"]
[White "vovachesss"]
[Black "quvnoq_muxlis"]
[Result "1-0"]
[WhiteElo "2852"]
[BlackElo "2679"]
[TimeControl "180+1"]
[EndTime "9:46:38 PST"]
[Termination "vovachesss won by resignation"]

1. d4 Nf6 2. c4 e6 3. Nc3 Bb4 4. e3 O-O 5. Bd3 d5 6. a3 Bxc3+ 7. bxc3 c5 8. cxd5 exd5 9. Ne2 Re8 10. O-O Nbd7 11. Ng3 Nf8 12. a4 cxd4 13. cxd4 g6 14. Ba3 h5 15. Ne2 Ne6 16. Qc2 Ng7 17. Rfc1 Ne6 18.
Rab1 b6 19. Qc6 Bd7 20. Qc2 Rc8 21. Qb3 Rxc1+ 22. Rxc1 Qb8 23. Nc3 Bc6 24. h3 Qb7 25. Nb5 Bxb5 26. Bxb5 Rc8 27. Rxc8+ Qxc8 28. Be7 Qc1+ 29.
Kh2 Ne4 30. Bh4 Nc7 31. f3 Nd6 32. Bg3 Ncxb5 33. axb5 Qc4 34. Qa3 Nxb5 35. Qe7 Qc8 36. Be5 Qf8 37. Qf6 Kh7 38. Qc6 Na3 39. Qxd5 Nc2 40.
Qc6 Nxe3 41. d5 Nf5 42. d6 Nxd6 43. Qxd6 Qxd6 44. Bxd6 g5 45. Kg3 Kg6 46. Kf2 Kf5 47.
Ke3 g4 48. fxg4+ hxg4 49. h4 g3 50. Bxg3 Kg4 51. Be1 a5 52. Kd4 a4 53. Kc4 f5 54.
Kb4 b5 55. g3 Kh5 56. Bc3 Kg4 57. Be5 Kh5 58. Kxb5 a3 59. Ka4 a2 60. Ka3 a1=Q+ 61. Bxa1 f4 62. gxf4 Kxh4 63. Be5 Kg4 64. Kb4 Kf5 65.
Kc5 Ke6 66. Kc6 1-0

[Event "Early-Titled-Tuesday-Blitz-January-23-2024"]
[Site "Chess.com"]
[Date "2024.01.23"]
[Round "9"]
[White "arnash_bauyrzhan"]
[Black "GrotBchess"]
[Result "1-0"]
[WhiteElo "2212"]
[BlackElo "2286"]
[TimeControl "180+1"]
[EndTime "9:46:38 PST"]
[Termination "arnash_bauyrzhan won by checkmate"]

1. e4 c5 2. Nf3 e6 3. d4 cxd4 4.
Nxd4 Nc6 5. Nc3 Qc7 6. g3 a6 7. Bg2 Nf6 8. O-O Nxd4 9. Qxd4 Bc5 10. Qd3 O-O 11. Bf4 d6 12. Rad1 e5 13. Bg5 Be6 14. Bxf6 gxf6 15. Kh1 Bd4 16. Nd5 Bxd5 17. exd5 Qd7 18.
c3 Bb6 19. Be4 h6 20. Qf3 f5 21. Bxf5 Qe7 22. Rde1 Kh8 23. Re4 Rg8 24. Rh4 Qf6 25.
Qh5 Rg5 26. Qxh6+ Qxh6 27. Rxh6+ Kg7 28. Rh7+ Kg8 29. Bc2 Re8 30. Rh6 Bc7 31. h4 Rg4 32. Bf5 Rg7 33. g4 Rd8 34. g5 Bb6 35. f4 exf4 36.
Rxf4 Be3 37. Re4 Bc1 38. b3 Bb2 39. Rxd6 Rf8 40. c4 f6 41. g6 Be5 42. Rd7 Rxd7 43. Bxd7 Kg7 44. h5 Kh6 45. Rh4 Rd8 46. Be6 b5 47. Kg2 bxc4 48. bxc4 Bd6 49. Kf3 Rb8 50. Rg4 Kg7 51. h6+ Kxh6 52. g7 f5 53. g8=Q Rxg8 54.
Rxg8 f4 55. Kg4 f3 56. Kxf3 Bc5 57. Kg4 Bd6 58. Kf5 Kh5 59. Rh8# 1-0

[Event "Early-Titled-Tuesday-Blitz-January-23-2024"]
[Site "Chess.com"]
[Date "2024.01.23"]
[Round "9"]
[White "Sebastian"]
[Black "Bigfish1995"]
[Result "0-1"]
[WhiteElo "3005"]
[BlackElo "3132"]
[TimeControl "180+1"]
[EndTime "9:46:39 PST"]
[Termination "Bigfish1995 won by resignation"]

1. e4 c6 2. d4 d5 3. e5 Bf5 4.
Nf3 e6 5. Be2 Nd7 6. O-O a5 7. Ne1 c5 8. c3 Ne7 9. Na3 Nc6 10. Nb5 Be7 11. Bd3 Bxd3 12. Nxd3 a4 13. Qg4 Kf8 14. Be3 cxd4 15. cxd4 Ra5 16. Nc3 h5 17.
Qd1 a3 18. b3 g6 19. Ne2 Kg7 20. Rc1 Qb6 21. Rc2 Raa8 22. h3 Rac8 23. Qd2 Nb4 24.
Rxc8 Rxc8 25. Rc1 Rxc1+ 26. Nexc1 Nb8 27. Nxb4 Bxb4 28. Qd1 Nc6 29. Qf3 Be7 30. Nd3 Qb5 31.
Qd1 h4 32. Qd2 Kf8 33. Qc3 Ke8 34. g3 Kd7 35. Kg2 Bb4 36. Qc2 Be7 37. Qc3 Kc7 38. Qc2 Kb6 39. Qd1 Qa5 40. Bd2 Qb5 41. Be3 Kc7 42. Qc2 Kb8 43. Qd1 Bd8 44. Qc2 Bb6 45. Qc3 Ba5 46. Qc2 Bb6 47. Qc3 Ne7 48. g4 Nc6 49.
Kf3 Ba5 50. Qc2 Bb6 51. Qc3 Ba5 52. Qc2 Qa6 53. Kg2 Bb6 54. Qc3 Qa7 55. Nc5 Bxc5 56. dxc5 Qa6 57. Qd2 Qb5 58. Qd1 Nb4 59. Qd2 Nc6 60.
f4 Qb4 61. Qxb4 Nxb4 62. Bd2 Nxa2 63. Kf3 d4 64. Ke4 Nc3+ 65. Kxd4 Ne2+ 66. Kd3 a2 0-1

[Event "Early-Titled-Tuesday-Blitz-January-23-2024"]
[Site "Chess.com"]
[Date "2024.01.23"]
[Round "9"]
[White "toninhojit"]
[Black "malakismayil"]
[Result "1-0"]
[WhiteElo "2472"]
[BlackElo "2553"]
[TimeControl "180+1"]
[EndTime "9:46:40 PST"]
[Termination "toninhojit won on time"]

1. d4 Nf6 2. c4 e6 3. Nf3 Bb4+ 4.
Bd2 Be7 5. Nc3 d5 6. Bg5 O-O 7. cxd5 exd5 8. e3 c6 9. Bd3 h6 10. Bh4 Bg4 11. Qc2 Nbd7 12. h3 Bxf3 13. gxf3 c5 14. dxc5 Nxc5 15. O-O-O Rc8 16. Kb1 Ne6 17. Bf5 Rc5 18. Qd3 Nc7 19. Qd2 b5 20. Ne2 Rc4 21. Nd4 b4 22. Bd3 Rc5 23. Rc1 Ne6 24. Nf5 Rxc1+ 25. Rxc1 Re8 26. Bb5 Rf8 27. Nd4 Nxd4 28. Qxd4 Qd6 29. Bg3 Qe6 30. h4 Nh5 31. Qe5 Nxg3 32.
Qxg3 Bf6 33. Qf4 a6 34. Bd3 a5 35. Qf5 Qxf5 36. Bxf5 Bxh4 37. Rf1 g6 38. Bd3 Rd8 39. Kc2 d4 40. e4 Bg5 41. Kd1 h5 42. Ke2 Rc8 43. Rg1 Bf4 44. b3 h4 45. Bc4 g5 46.
Kf1 a4 47. Kg2 axb3 48. axb3 Ra8 49. Rd1 Be5 50. Kh3 Kg7 51. f4 Bxf4 52. Rxd4 Ra2 53. f3 Rh2+ 54. Kg4 Rg2+ 55. Kf5 h3 56. Rd7 h2 57.
Rxf7+ Kh8 58. Kg6 1-0

[Event "Early-Titled-Tuesday-Blitz-January-23-2024"]
[Site "Chess.com"]
[Date "2024.01.23"]
[Round "9"]
[White "FM_VS99"]
[Black "Seochesspie"]
[Result "0-1"]
[WhiteElo "2554"]
[BlackElo "2801"]
[TimeControl "180+1"]
[EndTime "9:46:44 PST"]
[Termination "Seochesspie won on time"]

1. d4 Nf6 2. Nf3 d5 3. g3 Bf5 4. Bg2 e6 5. O-O h6 6. c4 c6 7. Nc3 Nbd7 8. Nd2 Be7 9. e4 dxe4 10. Ndxe4 O-O 11. Be3 Qa5 12. h3 Rfd8 13. Qe2 Nxe4 14.
Nxe4 Nf6 15. Nc3 Rac8 16. a3 Bf8 17. Rfd1 Rd7 18. Bf4 Qd8 19. Be5 a6 20. Na4 b5 21.
Nc3 Bg6 22. a4 bxc4 23. Bxf6 Qxf6 24. Qxc4 a5 25. Rac1 Rcd8 26. Ne2 c5 27. d5 Qxb2 28. Nf4 Bf5 29. g4 Bh7 30. Bf3 e5 31. Nh5 Qb4 32. Ng3 Kh8 33. Qb5 Qxb5 34. axb5 Rb8 35. Be2 e4 36. Ra1 Ra7 37. Ra4 Bd6 38. Rda1 Bc7 39. Nxe4 Bb6 40. Nd6 Bc2 41. R4a2 Bb3 42. Rd2 a4 43.
Bc4 Rd7 44. Bxb3 axb3 45. Nc4 Bd8 46. Rb2 Rxb5 47. Ra8 Rxd5 48. Ne3 Rd3 49. Kf1 Kh7 50. Ke2 Rd7 51. Rc8 Bf6 52. Rb1 b2 53. Nc4 Ra7 54. Ne3 Ra1 0-1

[Event "Early-Titled-Tuesday-Blitz-January-23-2024"]
[Site "Chess.com"]
[Date "2024.01.23"]
[Round "9"]
[White "AsselLesbekova"]
[Black "N4700000"]
[Result "0-1"]
[WhiteElo "2293"]
[BlackElo "2419"]
[TimeControl "180+1"]
[EndTime "9:46:44 PST"]
[Termination "N4700000 won by resignation"]

1. e4 e6 2. d4 d5 3. Bd3 dxe4 4. Bxe4 Nf6 5. Bf3 c5 6. Ne2 Nc6 7. Be3 e5 8. Bxc6+ bxc6 9. dxe5 Qxd1+ 10. Kxd1 Ng4 11.
Nbc3 Ba6 12. Re1 O-O-O+ 13. Kc1 Nxe5 14. Ne4 Ng4 15. Bxc5 f5 16. Bxf8 Rhxf8 17. Nc5 Bxe2 18. Rxe2 Rfe8 19. Rxe8 Rxe8 20. Kd2 Nxf2 21. Rf1 Re5 22.
Rxf2 Rxc5 23. Rf4 Kd7 24. Ra4 a5 25. c3 Kd6 26. Ke3 g5 27. h4 h6 28. hxg5 hxg5 29. Kf3 Rd5 30. Ke3 Ke5 31. g3 Rb5 32. b4 axb4 33.
cxb4 c5 34. a3 cxb4 35. axb4 Rb8 36. Ra5+ Kf6 37. Ra6+ Kf7 38. Ra7+ Kg6 39. Ra4 Kh5 40. Kf3 Rc8 41. Ra3 Rc2 42. Rb3 g4+ 43. Kf4 Rf2+ 44. Ke5 Rf3 45. Rb1 Kg5 46. b5 Rxg3 47. b6 Re3+ 48.
Kd6 Re8 49. Kd7 Rh8 50. b7 g3 51. Kc7 f4 52. Rd1 g2 53. Rd8 Rxd8 54. Kxd8 g1=Q 55. b8=Q Qd4+ 56. Ke7 Qe4+ 57. Kd7 f3 58. Qg8+ Kf4 59. Qb8+ Ke3 60. Qb2 Qd4+ 0-1